 Dungeon Crawl Stone Soup version 0.18.1-5-g4a78601 (webtiles) character file.

9668 LORDOFBUTT the Martial Artist (level 11, -1/83 HPs)
             Began as a Demonspawn Monk on May 10, 2016.
             Was a Priest of Ashenzari.
             Slain by a skeletal warrior
             ... wielding a +0 hand axe
             ... led by a skeletal warrior
              (10 damage)
             ... on level 11 of the Dungeon.
             The game lasted 00:15:36 (10038 turns).

LORDOFBUTT the Martial Artist (Demonspawn Monk)    Turns: 10038, Time: 00:15:36

Health: -1/83      AC: 25    Str: 16    XL:     11   Next: 26%
Magic:  11/11      EV: 21    Int: 12    God:    Ashenzari [***...]
Gold:   555        SH:  6    Dex: 20    Spells: 0 memorised, 10 levels left

rFire  + . .     SeeInvis +       - Unarmed
rCold  . . .     Gourm    .     q - +0 leather armour
rNeg   . . .     Faith    .     (no shield)
rPois  .         Spirit   .     e - +2 helmet (curse)
rElec  .         Dismiss  .     N - +2 cloak (curse)
rCorr  .         Reflect  +     k - +0 pair of gloves (curse)
SustAt .         Harm     .     R - +0 pair of boots
MR     .....                    m - +6 amulet of reflection (curse)
Stlth  ++++......               r - +3 ring of dexterity (curse)
                                p - +6 ring of protection (curse)

@: mighty, not resistant to hostile enchantments, stealthy
A: rough black scales 2, fire resistance 1, spiny 2, flame cloud immunity
a: Curse Item, Scrying, Renounce Religion


You were on level 11 of the Dungeon.
You worshipped Ashenzari.
Ashenzari was most pleased with you.
You were not hungry.

You visited 2 branches of the dungeon, and saw 12 of its levels.
You also visited: Ossuary.

You collected 555 gold pieces.

Inventory:

Armour
 e - a cursed +2 helmet (worn)
 k - a cursed +0 pair of gloves (worn)
 q - a +0 leather armour (worn)
 N - a cursed +2 cloak (worn)
 R - a +0 pair of boots (worn)
Rods
 j - a +0 iron rod (13/13)
   (You took it off an orc on level 8 of the Dungeon)
Jewellery
 m - a cursed +6 amulet of reflection (around neck)
 p - a cursed +6 ring of protection (left hand)
 r - a cursed +3 ring of dexterity (right hand)
 C - an uncursed ring of stealth
 P - an uncursed ring of ice
Wands
 n - a wand of digging (14/24)
 v - a wand of flame (10/48)
 x - a wand of teleportation (3/9)
 z - a wand of acid (9/15)
 A - a wand of paralysis (9/24)
 F - a wand of lightning (8/15)
 J - a wand of flame (15/48)
 L - a wand of lightning (5/15)
Scrolls
 c - 3 scrolls of fog {unknown}
 d - 2 scrolls of magic mapping {unknown}
 f - a scroll of identify
 g - a scroll of summoning {unknown}
 o - 3 scrolls of amnesia {unknown}
 t - 3 scrolls of noise {unknown}
 u - 2 scrolls of blinking {unknown}
 w - 3 scrolls of recharging {unknown}
 y - 6 scrolls of teleportation {unknown}
 B - a scroll of fear {unknown}
 D - a scroll of enchant weapon {unknown}
 O - a scroll of vulnerability {unknown}
Potions
 a - 2 potions of lignification
 h - 3 potions of curing
 i - 3 potions of might
 l - a potion of resistance
 s - 2 potions of haste
 E - 2 potions of brilliance
 G - 2 potions of magic
 H - a potion of flight
 I - 6 potions of agility
 M - a potion of heal wounds {unknown}
Comestibles
 b - 8 bread rations
 K - 2 royal jellies


   Skills:
 + Level 6.9 Fighting
 + Level 3.4 Armour
 + Level 8.8(10.6) Dodging
 + Level 6.8(8.8) Stealth
 * Level 11.2 Unarmed Combat


You had 10 spell levels left.
You didn't know any spells.

Dungeon Overview and Level Annotations

Branches:
Dungeon (11/15)            Temple (1/1) D:7            Lair (0/8) D:8
    Orc: D:9-12

Altars:
Ashenzari
Cheibriados
Dithmenos
Elyvilon
Fedhas
Gozag
Kikubaaqudgha
Makhleb
Nemelex Xobeh
Okawaru
Pakellas
Qazlal
Ru
Sif Muna
Trog
Vehumet
Xom
Yredelemnul
Zin
The Shining One

Shops:
D:9 (![

Annotations:
D:9 HunfridMar's ghost, novice DsGl


Innate Abilities, Weirdness & Mutations

You are mostly covered in rough black scales (AC +7, Dex -2).
Your flesh is heat resistant.
You are mostly covered in sharp spines.
You are immune to clouds of flame.


Message History

You punch the skeletal warrior!
The skeletal warrior is severely damaged.
The skeletal warrior is struck by your spines.
The skeletal warrior misses you.
You hit the skeletal warrior. You punch the skeletal warrior.
The skeletal warrior is almost destroyed.
The skeletal warrior is struck by your spines.
The skeletal warrior hits you with a hand axe!
* * * LOW HITPOINT WARNING * * *
You hit the skeletal warrior but do no damage.
Your punch misses the skeletal warrior.
The skeletal warrior is almost destroyed.
The skeletal warrior is struck by your spines.
The skeletal warrior hits you but does no damage.
You hit the skeletal warrior but do no damage.
The skeletal warrior is almost destroyed.
You hit the skeletal warrior but do no damage.
The skeletal warrior is almost destroyed.
The skeletal warrior hits you with a hand axe!
You die...

#..# ##.......# ##.#
#######.##### , #.#
#.......# ####.### #.#.##..#
* #......# #..#^#..# , *
#.##.#.########.#.....#**###
#.##..............##.###...,
,
#.####.########)###....#.#.#
#.####.# #.@z.....S..# *
#......# ###.##...#.###. ,
######## #####.##..... *
#......#, #.#.##<#
#.#z##.###* * # #.)....# , ,
###....... * ..#.#..,


You could see a skeletal warrior and a water moccasin (wandering).

Vanquished Creatures
  Erica (D:8)
  2 skeletal warriors (D:11)
  An unseen horror (D:10)
  The ghost of Shock the Ruffian, a novice TrMo (D:6)
  An ugly thing (D:11)
  A troll (D:10)
  A two-headed ogre (D:11)
  Sigmund (D:3)
  2 wyverns
  A hungry ghost (D:8)
  Duvessa (D:7)
  2 ice beasts
  3 orc warriors
  A necrophage (D:8)
  2 phantoms
  A sky beast (D:6)
  An ogre (D:10)
  3 centaurs
  15 big kobolds
  A crocodile (D:9)
  2 elf zombies (D:6)
  A wyvern zombie (D:11)
  5 giant frogs
  A wyvern skeleton (D:10)
  Dowan (D:7)
  4 scorpions
  8 howler monkeys
  2 centaur zombies
  6 crimson imps
  A jelly (D:9)
  A quasit (D:7)
  A centaur skeleton (D:9)
  A giant frog zombie (D:9)
  11 orc wizards
  A hound (D:8)
  2 human zombies (Ossuary)
  5 orc priests
  Ijyb (D:3)
  A giant frog skeleton (D:10)
  2 human skeletons (D:6)
  2 iguanas (D:7)
  7 worker ants
  2 big kobold zombies (Ossuary)
  A hound skeleton (D:4)
  2 mummies (Ossuary)
  A worker ant zombie (D:5)
  Robin (D:3)
  10 gnolls
  10 adders
  4 shadow imps
  An ooze (D:3)
  3 adder skeletons
  3 adder zombies
  4 giant geckos
  41 orcs
  5 giant cockroaches
  13 goblins
  6 hobgoblins
  14 jackals
  5 quokkas
  A ball python (D:4)
  5 bats
  2 giant gecko skeletons
  A giant gecko zombie (D:8)
  6 giant newts
  A goblin zombie (Ossuary)
  10 hobgoblin zombies (Ossuary)
  A jackal skeleton (D:4)
  A jackal zombie (D:8)
  25 kobolds
  13 kobold zombies (Ossuary)
  An orc skeleton (D:6)
  6 orc zombies
  7 rats
  2 rat zombies (Ossuary)
316 creatures vanquished.

Notes
Turn   | Place    | Note
--------------------------------------------------------------
     0 | D:1      | LORDOFBUTT the Demonspawn Monk began the quest for the Orb.
     0 | D:1      | Reached XP level 1. HP: 18/18 MP: 1/1
   552 | D:1      | Gained mutation: You are partially covered in sharp spines. [demonic ancestry]
   552 | D:1      | Reached XP level 2. HP: 24/24 MP: 2/2
  1095 | D:2      | Reached skill level 4 in Unarmed Combat
  1119 | D:2      | Gained mutation: Your flesh is heat resistant. [demonic ancestry]
  1119 | D:2      | Reached XP level 3. HP: 29/29 MP: 3/3
  1163 | D:2      | Found a shattered altar of Ashenzari.
  1227 | D:2      | Found a snail-covered altar of Cheibriados.
  1228 | D:2      | Found a shimmering altar of Xom.
  1438 | D:2      | Reached XP level 4. HP: 35/35 MP: 4/4
  1594 | D:2      | Found a glowing golden altar of the Shining One.
  1731 | D:3      | Noticed Robin
  1750 | D:3      | Killed Robin
  1921 | D:3      | Reached XP level 5. HP: 41/41 MP: 5/5
  1930 | D:3      | Found an iron altar of Okawaru.
  1993 | D:3      | Noticed Ijyb
  2010 | D:3      | Killed Ijyb
  2163 | D:3      | Noticed Sigmund
  2200 | D:3      | Killed Sigmund
  2200 | D:3      | Reached skill level 5 in Unarmed Combat
  2200 | D:3      | Gained mutation: You are mostly covered in sharp spines. [demonic ancestry]
  2200 | D:3      | Reached XP level 6. HP: 33/47 MP: 6/6
  2289 | D:3      | Reached skill level 1 in Armour
  2638 | D:4      | Found a sacrificial altar of Ru.
  2956 | D:4      | Reached XP level 7. HP: 47/53 MP: 7/7
  3049 | D:4      | Found a bloodstained altar of Trog.
  3434 | D:5      | Entered Level 5 of the Dungeon
  3612 | D:5      | Found an opulent altar of Gozag.
  3612 | D:5      | Found a deep blue altar of Sif Muna.
  3897 | D:5      | Found a burning altar of Makhleb.
  4209 | D:6      | Found an ancient bone altar of Kikubaaqudgha.
  4312 | D:6      | Reached skill level 5 in Dodging
  4312 | D:6      | Reached skill level 6 in Unarmed Combat
  4325 | D:6      | Gained mutation: Your mind is acute. (Int +2) [mutagenic meat]
  4326 | D:6      | Gained mutation: Your body sometimes deteriorates upon taking damage. [mutagenic meat]
  4327 | D:6      | Lost mutation: Your mind is acute. (Int +2) [potion of cure mutation]
  4327 | D:6      | Lost mutation: Your body sometimes deteriorates upon taking damage. [potion of cure mutation]
  4492 | D:6      | Found a sand-covered staircase.
  4502 | D:6      | Gained mutation: You are partially covered in rough black scales (AC +4, Dex -1). [demonic ancestry]
  4502 | D:6      | Reached XP level 8. HP: 58/60 MP: 8/8
  4505 | Ossuary  | Entered an ossuary
  4910 | D:6      | Reached skill level 7 in Unarmed Combat
  4985 | D:6      | Noticed Shock's ghost (novice TrMo)
  5006 | D:6      | Killed Shock's ghost
  5177 | D:6      | Reached XP level 9. HP: 66/67 MP: 9/9
  5750 | D:7      | Noticed Dowan
  5751 | D:7      | Noticed Duvessa
  5767 | D:7      | Killed Dowan
  5767 | D:7      | Reached skill level 8 in Unarmed Combat
  5775 | D:7      | Killed Duvessa
  5775 | D:7      | Reached skill level 5 in Fighting
  5781 | D:7      | Found a staircase to the Ecumenical Temple.
  5846 | Temple   | Entered the Ecumenical Temple
  6194 | D:7      | You fall through a shaft!
  6366 | D:2      | Became a worshipper of Ashenzari the Shackled
  6366 | D:2      | Reached * piety under Ashenzari
  6366 | D:2      | Reached ** piety under Ashenzari
  6597 | D:7      | Reached skill level 5 in Stealth
  7134 | D:8      | Reached skill level 9 in Unarmed Combat
  7159 | D:8      | Gained mutation: You are mostly covered in rough black scales (AC +7, Dex -2). [demonic ancestry]
  7159 | D:8      | Reached XP level 10. HP: 75/76 MP: 10/10
  7257 | D:8      | Found an ancient bone altar of Kikubaaqudgha.
  7318 | D:8      | Noticed Erica
  7347 | D:8      | Killed Erica
  7577 | D:8      | Found a staircase to the Lair.
  8037 | D:9      | Reached skill level 10 in Unarmed Combat
  8040 | D:9      | Found an iron altar of Okawaru.
  8044 | D:9      | Found a sparkling altar of Nemelex Xobeh.
  8127 | D:9      | Found Icoutionn's Distillery.
  8169 | D:9      | Found Donuan's Antique Armour Emporium.
  8353 | D:9      | Found Katzag's Antique Weapon Boutique.
  8365 | D:9      | Reached *** piety under Ashenzari
  8432 | D:9      | Noticed HunfridMar's ghost (novice DsGl)
  8704 | D:10     | Entered Level 10 of the Dungeon
  9141 | D:10     | Noticed an unseen horror
  9155 | D:10     | Killed an unseen horror
  9612 | D:11     | Gained mutation: You are immune to clouds of flame. [demonic ancestry]
  9612 | D:11     | Reached XP level 11. HP: 83/83 MP: 11/11
  9629 | D:11     | Noticed a red ugly thing
  9636 | D:11     | Noticed a skeletal warrior
  9638 | D:11     | Noticed a skeletal warrior
  9639 | D:11     | Noticed a skeletal warrior
  9644 | D:11     | Killed a red ugly thing
  9672 | D:11     | Killed a skeletal warrior
  9672 | D:11     | Reached skill level 11 in Unarmed Combat
 10031 | D:11     | Killed a skeletal warrior
 10038 | D:11     | Slain by a skeletal warrior

Skill      XL: |  1  2  3  4  5  6  7  8  9 10 11 |
---------------+----------------------------------+-----
Dodging        | 3 4 5 6 7 8 |  8.8
Unarmed Combat | 4 5 6 7 9 10 11 | 11.2
Stealth        | 2 3 4 5 6 |  6.8
Armour         | 1 2 3 |  3.4
Fighting       | 4 5 6 |  6.9

Action                   |  1- 3 |  4- 6 |  7- 9 | 10-12 || total
-------------------------+-------+-------+-------+-------++-------
Melee: Unarmed           |    59 |   158 |   431 |   291 ||   939
       Punch             |       |     3 |    14 |    20 ||    37
Invok: Curse Item        |       |       |     3 |     2 ||     5
  Use: Potion            |       |     8 |     2 |     2 ||    12
       Scroll            |       |       |     8 |     3 ||    11
 Stab: Sleeping          |     6 |     6 |    21 |     8 ||    41
       Distracted        |       |     1 |       |     2 ||     3
  Eat: Meat ration       |     1 |     1 |     2 |     2 ||     6
       Chunk             |       |       |     2 |       ||     2
       Fruit             |       |       |       |     4 ||     4
       Pizza             |       |       |       |     2 ||     2
Armor: Robe              |    10 |       |       |       ||    10
       Leather armour    |     5 |    25 |    80 |    59 ||   169
Dodge: Dodged            |    39 |    58 |   171 |   172 ||   440
Block: Other             |     8 |    34 |   113 |    68 ||   223
       Reflection        |     1 |       |     5 |     6 ||    12
